Barracuda vs Wild

Created - Friday, March 04, 2016 at 03:17

Goals
1 2 3 OT1 SO T
Barracuda 1 0 0 0 0 1
Wild 0 1 0 0 1 2
Shots
1 2 3 OT1 SO T
Barracuda 11 5 12 4 3 32
Wild 4 6 12 2 2 24

1st period

1. Barracuda , Vincent Lecavalier 15 (Christian Folin, Mark McNeill) at 17:08 (PP)

Penalties :
Mark Van Guilder (IOW) for Fighting (Major) at 1:42, Mark McNeill (SJO) for Fighting (Major) at 1:42, Jon Landry (IOW) for Fighting (Major) at 3:17, Maxime Fortunus (SJO) for Fighting (Major) at 3:17, Jon Landry (IOW) for instigated a fight (Minor) at 3:17, Jon Landry (IOW) for instigated a fight (10 Minutes Misconduct) at 3:17, Anthony Camara (IOW) for Interference (Minor) at 8:36, Eric Selleck (SJO) for Tripping (Minor) at 10:34, David Wolf (IOW) for Tripping (Minor) at 16:52, Mike Moore (IOW) for Fighting (Major) at 19:12, Mark McNeill (SJO) for Fighting (Major) at 19:12, Anthony Camara (IOW) for Interference (Minor) at 19:33

2nd period

2. Wild , Chris Summers 5 (Anthony Camara) at 9:26

Penalties :
Jerome Leduc (IOW) for Roughing (Minor) at 3:35, Christian Folin (SJO) for Slashing (Minor) at 18:28

3rd period

No Goal

Penalties :
Jon Landry (IOW) for Fighting (Major) at 1:23, Marek Hrivik (SJO) for Fighting (Major) at 1:23, Eric Selleck (SJO) for Hooking (Minor) at 5:05, Brendan Mikkelson (SJO) for Holding (Minor) at 10:40

Overtime #1

No Goal

Penalties :
No Penalty

Shootout

Penalty Shot by Eric Selleck for Barracuda - Stopped by Jordan Binnington
Penalty Shot by Mark Van Guilder for Wild - Stopped by David Leggio
Penalty Shot by Mark McNeill for Barracuda - Shot Misses the Net
Penalty Shot by David Wolf for Wild - Goal!
Penalty Shot by Alexandre Bolduc for Barracuda - Shot Misses the Net

Penalties :
No Penalty

Goalie Stats

David Leggio (SJO), 23 saves from 24 shots - (0.958), OTL, 6-5-6, 65:00 minutes
Jordan Binnington (IOW), 31 saves from 32 shots - (0.969), W, 24-12-17, 65:00 minutes

Players Stats for Barracuda

Player Name              G  A  P  +/- PIM S  H  SB GA TA FO     MP     PP MP  PK MP  
------------------------------------------------------------------------------------
Alexandre Bolduc         0  0  0  -1  0   2  2  1  1  1  4/9    23:42   3:54   1:57 
Brendan Mikkelson        0  0  0   0  2   2  3  1  0  1  0/0    26:44   5:23   3:18 
Christian Folin          0  1  1   0  2   3  0  1  4  0  0/0    27:28   5:23   4:18 
Colin Smith              0  0  0   0  0   5  1  1  6  1  4/7    18:25   3:10   0:56 
Danny Syvret             0  0  0   0  0   0  0  0  0  0  0/0     2:04   0:00   1:05 
David Van Der Gulik      0  0  0   0  0   1  2  0  2  2  0/0    18:01   3:11   0:00 
Dominik Uher             0  0  0   0  0   1  1  2  1  0  5/5    19:48   3:10   4:56 
Eric Selleck             0  0  0   0  4   1  4  0  1  0  0/2    20:25   3:34   0:39 
JC Lipon                 0  0  0  -1  0   1  2  0  0  1  0/0    14:51   0:23   0:00 
John Kurtz               0  0  0   0  0   0  0  0  0  0  0/0     0:45   0:00   0:00 
Jyrki Jokipakka          0  0  0   0  0   0  0  0  2  3  0/0    13:47   0:00   0:00 
Marek Hrivik             0  0  0  -1  5   3  0  1  0  0  0/0    11:11   0:00   0:31 
Mark Fistric             0  0  0   0  0   0  2  0  0  1  0/0    15:56   1:07   0:00 
Mark McNeill             0  1  1   0  10  4  2  1  4  2  2/2    21:48   2:09   3:58 
Maxime Fortunus          0  0  0  -1  5   4  2  1  0  1  0/0    22:18   1:41   4:31 
Rylan Schwartz           0  0  0   0  0   1  3  0  2  0  7/9    18:08   0:00   2:45 
Taylor Chorney           0  0  0  -1  0   0  0  2  0  0  0/0    22:29   2:48   2:38 
Vincent Lecavalier       1  0  1   0  0   4  1  0  4  1  7/12   14:37   5:01   0:39 

Players Stats for Wild

Player Name              G  A  P  +/- PIM S  H  SB GA TA FO     MP     PP MP  PK MP  
------------------------------------------------------------------------------------
Anthony Camara           0  1  1   1  4   0  1  1  1  1  0/0    14:00   0:47   0:00 
Cam Janssen              0  0  0   0  0   2  3  0  0  0  0/0    10:12   0:00   0:00 
Chris Summers            1  0  1   1  0   2  1  0  1  0  0/0    14:48   0:00   0:00 
Colin Stuart             0  0  0   0  0   2  0  0  3  1  0/0    10:44   0:00   0:00 
Dan Catenacci            0  0  0   0  0   0  3  0  7  0  1/2    19:26   3:43   2:19 
Danny Hobbs              0  0  0   1  0   1  0  0  0  0  0/0    10:27   0:00   0:00 
David Wolf               0  0  0   0  2   3  3  1  1  1  2/4    23:52   3:54   5:36 
Devin Shore              0  0  0   0  0   0  3  1  0  2  1/6    14:13   0:00   1:44 
Francis Wathier          0  0  0   0  0   4  3  0  1  0  0/0    13:23   3:43   0:00 
Henri Ikonen             0  0  0   0  0   0  1  0  1  0  2/7    12:15   0:00   0:00 
Jani Hakanpaa            0  0  0   0  0   0  1  2  4  3  0/0    22:41   4:04   3:06 
Jerome Leduc             0  0  0   0  2   0  1  0  1  0  0/0    23:05   1:26   2:24 
Jon Landry               0  0  0   0  22  0  1  0  0  1  0/0    15:58   1:47   1:50 
Mark Van Guilder         0  0  0   1  5   2  0  1  1  0  10/25  20:04   3:57   4:24 
Michael Keranen          0  0  0   0  0   0  1  0  1  1  0/0    15:10   3:43   0:00 
Micheal Haley            0  0  0   0  0   3  4  1  0  1  1/2    18:28   3:58   2:19 
Mike Moore               0  0  0   0  5   2  1  4  0  1  0/0    23:50   4:42   4:11 
Steve Eminger            0  0  0   1  0   3  5  2  1  2  0/0    29:18   3:51   5:05 

3 Stars

1 - Jordan Binnington (IOW)
2 - David Leggio (SJO)
3 - Chris Summers (IOW)

Power Play

Barracuda - 1 on 5 Attempt(s) - 20.00%
Wild - 0 on 4 Attempt(s) - 0.00%

Penalty Kill

Barracuda - 4 on 4 Attempt(s) - 100.00% - Score 0 goal in Penalty Kill
Wild - 4 on 5 Attempt(s) - 80.00% - Score 0 goal in Penalty Kill

Team Stat

Barracuda - Hits : 25 - Faceoff Wins : 29 - Blocked Shots : 11 - Penalty Minutes : 28
Wild - Hits : 32 - Faceoff Wins : 17 - Blocked Shots : 13 - Penalty Minutes : 40

Official

Referees : Unknown
Linesman : Unknown

Game Notes

Mark Van Guilder beats up Mark McNeill at 1:42 of 1st period
Maxime Fortunus beats up Jon Landry at 3:17 of 1st period
Mike Moore and Mark McNeill fight to a draw at 19:12 of 1st period
Marek Hrivik beats up Jon Landry at 1:23 of 3rd period

Finance

Level 1 -- Attendance: 1393 (69.65%) -- Ticket Income $48,755
Level 2 -- Attendance: 764 (76.40%) -- Ticket Income $11,460
Total Attendance: 2157 (71.90%)
Total Ticket Income: $60,215
Other Income: $29,505
Total Income: $89,720

Barracuda

5 vs 5 Forward 
   Center                   Left Wing                Right Wing               Time % Phy DF OF 
 1 Vincent Lecavalier       Alexandre Bolduc         Mark McNeill             35     1   2  2  
 2 Colin Smith              Dominik Uher             David Van Der Gulik      30     1   2  2  
 3 Rylan Schwartz           Eric Selleck             Mark McNeill             22     1   2  2  
 4 Alexandre Bolduc         Marek Hrivik             JC Lipon                 13     1   2  2  

5 vs 5 Defense 
   Defense                  Defense                                           Time % Phy DF OF 
 1 Christian Folin          Brendan Mikkelson                                 35     1   2  2  
 2 Maxime Fortunus          Taylor Chorney                                    30     1   2  2  
 3 Mark Fistric             Jyrki Jokipakka                                   22     1   2  2  
 4 Christian Folin          Brendan Mikkelson                                 13     1   2  2  

PowerPlay Forward 
   Center                   Left Wing                Right Wing               Time % Phy DF OF 
 1 Vincent Lecavalier       Alexandre Bolduc         Mark McNeill             60     1   2  2  
 2 Colin Smith              Dominik Uher             David Van Der Gulik      40     1   2  2  

PowerPlay Defense
   Defense                  Defense                                           Time % Phy DF OF 
 1 Christian Folin          Brendan Mikkelson                                 60     1   2  2  
 2 Maxime Fortunus          Taylor Chorney                                    40     1   2  2  

Penalty Kill 4 Players Forward 
   Center                   Wing                     Time % Phy DF OF 
 1 Dominik Uher             Mark McNeill             60     1   2  2  
 2 Alexandre Bolduc         Colin Smith              40     1   2  2  

Penalty Kill 4 Players Defense
   Defense                  Defense                  Time % Phy DF OF 
 1 Christian Folin          Brendan Mikkelson        60     1   2  2  
 2 Maxime Fortunus          Taylor Chorney           40     1   2  2  

Penalty Kill - 3 Players Forward 
   Forward                                           Time % Phy DF OF 
 1 Alexandre Bolduc                                  60     1   2  2  
 2 Mark McNeill                                      40     1   2  2  

Penalty Kill - 3 Players Defense
   Defense                  Defense                  Time % Phy DF OF 
 1 Christian Folin          Brendan Mikkelson        60     1   2  2  
 2 Maxime Fortunus          Taylor Chorney           40     1   2  2  

4 vs 4 Forward 
   Center                   Wing                     Time % Phy DF OF 
 1 Rylan Schwartz           Mark McNeill             60     1   2  2  
 2 Alexandre Bolduc         Colin Smith              40     1   2  2  

4 vs 4 Defense
   Defense                  Defense                  Time % Phy DF OF 
 1 Christian Folin          Brendan Mikkelson        60     1   2  2  
 2 Maxime Fortunus          Taylor Chorney           40     1   2  2  

Last Minutes Offensive
   Center                   Left Wing                Right Wing               Defense                  Defense                  
   Vincent Lecavalier       Alexandre Bolduc         Mark McNeill             Christian Folin          Brendan Mikkelson        

Last Minutes Defensive
   Center                   Left Wing                Right Wing               Defense                  Defense                  
   Vincent Lecavalier       Alexandre Bolduc         Mark McNeill             Christian Folin          Brendan Mikkelson        

Goaltenders
Starting : David Leggio             
Backup : Joey MacDonald           

Extra Forwards
Normal : Mark McNeill, Eric Selleck, Rylan Schwartz - PP : Mark McNeill, Eric Selleck - PK : Rylan Schwartz
Extra Defensemen
Normal : Mark Fistric, Christian Folin, Maxime Fortunus - PP : Mark Fistric - PK : Brendan Mikkelson, Maxime Fortunus
Penalty Shots
Eric Selleck, Mark McNeill, Alexandre Bolduc, Colin Smith, Dominik Uher

Wild

5 vs 5 Forward 
   Center                   Left Wing                Right Wing               Time % Phy DF OF 
 1 David Wolf               Colin Stuart             Micheal Haley            35     1   2  2  
 2 Devin Shore              Dan Catenacci            Michael Keranen          30     1   2  2  
 3 Mark Van Guilder         Anthony Camara           Danny Hobbs              22     1   2  2  
 4 Henri Ikonen             Francis Wathier          Cam Janssen              13     1   2  2  

5 vs 5 Defense 
   Defense                  Defense                                           Time % Phy DF OF 
 1 Chris Summers            Steve Eminger                                     35     1   2  2  
 2 Jerome Leduc             Mike Moore                                        30     1   2  2  
 3 Jon Landry               Jani Hakanpaa                                     22     1   2  2  
 4 Jon Landry               Steve Eminger                                     13     1   2  2  

PowerPlay Forward 
   Center                   Left Wing                Right Wing               Time % Phy DF OF 
 1 Mark Van Guilder         David Wolf               Micheal Haley            60     1   2  2  
 2 Dan Catenacci            Francis Wathier          Michael Keranen          40     1   2  2  

PowerPlay Defense
   Defense                  Defense                                           Time % Phy DF OF 
 1 Mike Moore               Steve Eminger                                     60     1   2  2  
 2 Jon Landry               Jani Hakanpaa                                     40     1   2  2  

Penalty Kill 4 Players Forward 
   Center                   Wing                     Time % Phy DF OF 
 1 Mark Van Guilder         David Wolf               60     1   2  2  
 2 Micheal Haley            Dan Catenacci            40     1   2  2  

Penalty Kill 4 Players Defense
   Defense                  Defense                  Time % Phy DF OF 
 1 Mike Moore               Steve Eminger            60     1   2  2  
 2 Jon Landry               Jani Hakanpaa            40     1   2  2  

Penalty Kill - 3 Players Forward 
   Forward                                           Time % Phy DF OF 
 1 Mark Van Guilder                                  60     1   2  2  
 2 David Wolf                                        40     1   2  2  

Penalty Kill - 3 Players Defense
   Defense                  Defense                  Time % Phy DF OF 
 1 Mike Moore               Steve Eminger            60     1   2  2  
 2 Jon Landry               Jani Hakanpaa            40     1   2  2  

4 vs 4 Forward 
   Center                   Wing                     Time % Phy DF OF 
 1 Mark Van Guilder         David Wolf               60     1   2  2  
 2 Micheal Haley            Dan Catenacci            40     1   2  2  

4 vs 4 Defense
   Defense                  Defense                  Time % Phy DF OF 
 1 Jerome Leduc             Steve Eminger            60     1   2  2  
 2 Jon Landry               Jani Hakanpaa            40     1   2  2  

Last Minutes Offensive
   Center                   Left Wing                Right Wing               Defense                  Defense                  
   Mark Van Guilder         David Wolf               Micheal Haley            Jon Landry               Steve Eminger            

Last Minutes Defensive
   Center                   Left Wing                Right Wing               Defense                  Defense                  
   Mark Van Guilder         David Wolf               Micheal Haley            Jon Landry               Steve Eminger            

Goaltenders
Starting : Jordan Binnington        
Backup : Doug Carr                

Extra Forwards
Normal : Anthony Camara, Henri Ikonen, Devin Shore - PP : Anthony Camara, Henri Ikonen - PK : Devin Shore
Extra Defensemen
Normal : Mike Moore, Jerome Leduc, Jon Landry - PP : Mike Moore - PK : Jerome Leduc, Jon Landry
Penalty Shots
Mark Van Guilder, David Wolf, Micheal Haley, Dan Catenacci, Anthony Camara

% Time on Ice - Barracuda

Lines # - Real PCT - Wanted PCT - Time Play
Normal Forward
1 - 22% - 35% - 9:52
2 - 32% - 30% - 13:56
3 - 18% - 22% - 8:01
4 - 27% - 13% - 12:04
Normal Defense
1 - 31% - 35% - 13:26
2 - 34% - 30% - 14:55
3 - 31% - 22% - 13:47
4 - 4% - 13% - 1:45
PP Forward
1 - 61% - 60% - 5:01
2 - 39% - 40% - 3:10
PP Defense
1 - 66% - 60% - 5:23
2 - 34% - 40% - 2:48
PK Forward
1 - 88% - 60% - 6:59
2 - 12% - 40% - 0:56
PK Defense
1 - 67% - 60% - 5:17
2 - 33% - 40% - 2:38
PK3 Forward
1 - 0% - 60%
2 - 0% - 40%
PK3 Defense
1 - 0% - 60%
2 - 0% - 40%
44 Forward
1 - 100% - 60% - 5:01
2 - 0% - 40% - 0:00
44 Defense
1 - 57% - 60% - 2:53
2 - 43% - 40% - 2:08
Last Minute Offensive  - 0:00
Last Minute Defensive  - 0:00
Total
Forward - 65:00
Defense - 65:00

% Time on Ice - Wild

Lines # - Real PCT - Wanted PCT - Time Play
Normal Forward
1 - 27% - 35% - 11:53
2 - 28% - 30% - 12:24
3 - 24% - 22% - 10:27
4 - 21% - 13% - 9:09
Normal Defense
1 - 37% - 35% - 16:15
2 - 27% - 30% - 11:50
3 - 29% - 22% - 12:53
4 - 7% - 13% - 2:55
PP Forward
1 - 53% - 60% - 4:12
2 - 47% - 40% - 3:43
PP Defense
1 - 49% - 60% - 3:51
2 - 51% - 40% - 4:04
PK Forward
1 - 72% - 60% - 5:52
2 - 28% - 40% - 2:19
PK Defense
1 - 62% - 60% - 5:05
2 - 38% - 40% - 3:06
PK3 Forward
1 - 0% - 60%
2 - 0% - 40%
PK3 Defense
1 - 0% - 60%
2 - 0% - 40%
44 Forward
1 - 100% - 60% - 5:01
2 - 0% - 40% - 0:00
44 Defense
1 - 54% - 60% - 2:43
2 - 46% - 40% - 2:18
Last Minute Offensive  - 0:00
Last Minute Defensive  - 0:00
Total
Forward - 65:00
Defense - 65:00

Play by Play

1st period


0:01 of 1st period - David Wolf wins face-off versus Vincent Lecavalier in neutral zone.
0:22 of 1st period - Wrist shot by Colin Stuart.
0:22 of 1st period - Shot Blocked by Alexandre Bolduc.
0:59 of 1st period - Maxime Fortunus is hit by Steve Eminger and loses puck.
1:28 of 1st period - Snap shot by David Van Der Gulik.
1:28 of 1st period - Stopped by Jordan Binnington without a rebound.
1:29 of 1st period - Rylan Schwartz wins face-off versus Mark Van Guilder in Wild zone.
1:32 of 1st period - Backhand shot by Mark McNeill.
1:32 of 1st period - Shot Misses the Net.
1:42 of 1st period - Mark Van Guilder beats up Mark McNeill.
1:42 of 1st period - Penalty to Mark Van Guilder for Fighting.
1:42 of 1st period - Penalty to Mark McNeill for Fighting.
1:43 of 1st period - Alexandre Bolduc wins face-off versus Henri Ikonen in neutral zone.
1:46 of 1st period - Snap shot by Christian Folin.
1:46 of 1st period - Shot Misses the Net.
1:56 of 1st period - Slapshot by Jani Hakanpaa.
1:56 of 1st period - Deflect By Francis Wathier.
1:56 of 1st period - Stopped by David Leggio without a rebound.
1:57 of 1st period - Henri Ikonen wins face-off versus Alexandre Bolduc in Barracuda zone.
2:04 of 1st period - Snap shot by Cam Janssen.
2:04 of 1st period - Stopped by David Leggio without a rebound.
2:05 of 1st period - Rylan Schwartz wins face-off versus Henri Ikonen in Barracuda zone.
3:17 of 1st period - Maxime Fortunus beats up Jon Landry.
3:17 of 1st period - Penalty to Jon Landry for Fighting.
3:17 of 1st period - Penalty to Maxime Fortunus for Fighting.
3:17 of 1st period - Penalty to Jon Landry for instigated a fight.
3:17 of 1st period - Penalty to Jon Landry for instigated a fight.
3:18 of 1st period - Vincent Lecavalier wins face-off versus Devin Shore in Barracuda zone.
3:27 of 1st period - Snap shot by Vincent Lecavalier.
3:27 of 1st period - Stopped by Jordan Binnington without a rebound.
3:28 of 1st period - Vincent Lecavalier wins face-off versus Devin Shore in Wild zone.
3:47 of 1st period - Slapshot by Alexandre Bolduc.
3:47 of 1st period - Shot Misses the Net.
3:49 of 1st period - Slapshot by Brendan Mikkelson.
3:49 of 1st period - Stopped by Jordan Binnington with a rebound.
3:51 of 1st period - Snap shot by Alexandre Bolduc.
3:51 of 1st period - Shot Blocked by Devin Shore.
3:53 of 1st period - Wrist shot by Christian Folin.
3:53 of 1st period - Stopped by Jordan Binnington without a rebound.
3:54 of 1st period - Devin Shore wins face-off versus Colin Smith in Wild zone.
4:03 of 1st period - Wrist shot by Dominik Uher.
4:03 of 1st period - Stopped by Jordan Binnington without a rebound.
4:04 of 1st period - Colin Smith wins face-off versus Devin Shore in Wild zone.
4:59 of 1st period - Mike Moore is hit by Mark Fistric and loses puck.
5:06 of 1st period - Snap shot by Alexandre Bolduc.
5:06 of 1st period - Shot Blocked by Steve Eminger.
5:17 of 1st period - Penalty to Jon Landry is over, Cam Janssen is send on ice.
5:23 of 1st period - Icing by Mike Moore.
5:24 of 1st period - Micheal Haley wins face-off versus Alexandre Bolduc in Wild zone.
5:31 of 1st period - Cam Janssen is hit by David Van Der Gulik and loses puck.
6:18 of 1st period - Henri Ikonen is hit by JC Lipon and loses puck.
6:35 of 1st period - Snap shot by David Van Der Gulik.
6:35 of 1st period - Shot Misses the Net.
7:43 of 1st period - Mark Fistric is hit by Dan Catenacci and loses puck.
8:22 of 1st period - Slapshot by Chris Summers.
8:22 of 1st period - Stopped by David Leggio with a rebound.
8:36 of 1st period - Minor Penalty to Anthony Camara for Interference.
8:37 of 1st period - Colin Smith wins face-off versus Mark Van Guilder in Wild zone.
8:37 of 1st period - Slapshot by Christian Folin.
8:37 of 1st period - Shot Misses the Net.
8:39 of 1st period - Slapshot by Christian Folin.
8:39 of 1st period - Shot Blocked by Mark Van Guilder.
8:41 of 1st period - Slapshot by Brendan Mikkelson.
8:41 of 1st period - Shot Blocked by Jani Hakanpaa.
8:43 of 1st period - Slapshot by Brendan Mikkelson.
8:43 of 1st period - Deflect By Mike Moore.
8:43 of 1st period - Stopped by Jordan Binnington without a rebound.
8:44 of 1st period - Mark Van Guilder wins face-off versus Colin Smith in Wild zone.
8:59 of 1st period - Slapshot by Christian Folin.
8:59 of 1st period - Shot Misses the Net.
9:19 of 1st period - Slapshot by Vincent Lecavalier.
9:19 of 1st period - Deflect By Mark McNeill.
9:19 of 1st period - Shot Misses the Net.
9:19 of 1st period - Puck is out of play.
9:20 of 1st period - Vincent Lecavalier wins face-off versus Mark Van Guilder in Wild zone.
10:15 of 1st period - Brendan Mikkelson is hit by Micheal Haley and loses puck.
10:34 of 1st period - Minor Penalty to Eric Selleck for Tripping.
10:35 of 1st period - Rylan Schwartz wins face-off versus Mark Van Guilder in Barracuda zone.
10:36 of 1st period - Penalty to Anthony Camara is over, Anthony Camara is back on ice.
11:18 of 1st period - Brendan Mikkelson is hit by Francis Wathier and loses puck.
11:39 of 1st period - Christian Folin is hit by Steve Eminger and loses puck.
12:34 of 1st period - Penalty to Eric Selleck is over, Eric Selleck is back on ice.
13:42 of 1st period - Jani Hakanpaa is hit by Eric Selleck and loses puck.
14:34 of 1st period - Christian Folin is hit by Anthony Camara and loses puck.
14:41 of 1st period - Snap shot by Danny Hobbs.
14:41 of 1st period - Shot Blocked by Marek Hrivik.
14:43 of 1st period - Snap shot by Mike Moore.
14:43 of 1st period - Stopped by David Leggio with a rebound.
15:01 of 1st period - Christian Folin is hit by Devin Shore and loses puck.
15:26 of 1st period - Colin Smith is hit by Cam Janssen and loses puck.
15:33 of 1st period - Maxime Fortunus is hit by Cam Janssen and loses puck.
15:50 of 1st period - Snap shot by Vincent Lecavalier.
15:50 of 1st period - Stopped by Jordan Binnington with a rebound.
15:52 of 1st period - Slapshot by Maxime Fortunus.
15:52 of 1st period - Stopped by Jordan Binnington without a rebound.
15:53 of 1st period - Vincent Lecavalier wins face-off versus Mark Van Guilder in Wild zone.
16:18 of 1st period - Slapshot by Colin Smith.
16:18 of 1st period - Stopped by Jordan Binnington without a rebound.
16:19 of 1st period - Colin Smith wins face-off versus Devin Shore in Wild zone.
16:52 of 1st period - Minor Penalty to David Wolf for Tripping.
16:53 of 1st period - Mark Van Guilder wins face-off versus Vincent Lecavalier in Wild zone.
17:08 of 1st period - Slapshot by Christian Folin.
17:08 of 1st period - Deflect By Vincent Lecavalier.
17:08 of 1st period - Goal by Vincent Lecavalier - Barracuda : 1 - Wild : 0.
17:09 of 1st period - Alexandre Bolduc wins face-off versus David Wolf in neutral zone.
17:39 of 1st period - Slapshot by Christian Folin.
17:39 of 1st period - Shot Blocked by David Wolf.
17:55 of 1st period - Colin Stuart is hit by David Van Der Gulik and loses puck.
18:17 of 1st period - 10 Minutes Misconduct Penalty to Jon Landry is over.
18:18 of 1st period - Jerome Leduc is hit by Dominik Uher and loses puck.
18:49 of 1st period - Wrist shot by Eric Selleck.
18:49 of 1st period - Shot Misses the Net.
18:57 of 1st period - Wrist shot by Mark McNeill.
18:57 of 1st period - Stopped by Jordan Binnington with a rebound.
19:12 of 1st period - Mike Moore and Mark McNeill fight to a draw.
19:12 of 1st period - Penalty to Mike Moore for Fighting.
19:12 of 1st period - Penalty to Mark McNeill for Fighting.
19:13 of 1st period - Colin Smith wins face-off versus Mark Van Guilder in neutral zone.
19:33 of 1st period - Minor Penalty to Anthony Camara for Interference.
19:34 of 1st period - Vincent Lecavalier wins face-off versus Mark Van Guilder in Wild zone.
Goals for this period are 1 for Barracuda vs 0 for Wild.
Shots for this period are 11 for Barracuda vs 4 for Wild.

2nd period


0:01 of 2nd period - Mark Van Guilder wins face-off versus Vincent Lecavalier in neutral zone.
0:41 of 2nd period - Icing by Vincent Lecavalier.
0:42 of 2nd period - Mark Van Guilder wins face-off versus Colin Smith in Barracuda zone.
1:33 of 2nd period - Penalty to Anthony Camara is over, Anthony Camara is back on ice.
1:54 of 2nd period - Taylor Chorney is hit by Micheal Haley and loses puck.
2:31 of 2nd period - Slapshot by Steve Eminger.
2:31 of 2nd period - Shot Blocked by Taylor Chorney.
2:58 of 2nd period - Jyrki Jokipakka is hit by Steve Eminger and loses puck.
3:23 of 2nd period - Slapshot by Jyrki Jokipakka.
3:23 of 2nd period - Shot Misses the Net.
3:35 of 2nd period - Minor Penalty to Jerome Leduc for Roughing.
3:36 of 2nd period - Dominik Uher wins face-off versus Mark Van Guilder in Wild zone.
3:47 of 2nd period - Slapshot by Christian Folin.
3:47 of 2nd period - Stopped by Jordan Binnington with a rebound.
4:05 of 2nd period - Alexandre Bolduc is hit by Jon Landry and loses puck.
4:12 of 2nd period - Penalty to Mike Moore is over, Mike Moore is back on ice.
4:32 of 2nd period - Eric Selleck is hit by Steve Eminger and loses puck.
4:37 of 2nd period - Wrist shot by Micheal Haley.
4:37 of 2nd period - Stopped by David Leggio without a rebound.
4:38 of 2nd period - Mark McNeill wins face-off versus Micheal Haley in Barracuda zone.
5:35 of 2nd period - Penalty to Jerome Leduc is over, Jerome Leduc is back on ice.
5:49 of 2nd period - Jerome Leduc is hit by Brendan Mikkelson and loses puck.
6:24 of 2nd period - Jon Landry is hit by Mark Fistric.
7:34 of 2nd period - Off-side.
7:35 of 2nd period - Vincent Lecavalier wins face-off versus Mark Van Guilder in neutral zone.
7:58 of 2nd period - Dominik Uher is hit by Micheal Haley and loses puck.
8:09 of 2nd period - Snap shot by Colin Stuart.
8:09 of 2nd period - Shot Misses the Net.
8:11 of 2nd period - Wrist shot by Colin Stuart.
8:11 of 2nd period - Stopped by David Leggio with a rebound.
9:24 of 2nd period - Snap shot by Chris Summers.
9:24 of 2nd period - Shot Blocked by Maxime Fortunus.
9:26 of 2nd period - Snap shot by Chris Summers.
9:26 of 2nd period - Goal by Chris Summers - Barracuda : 1 - Wild : 1.
9:27 of 2nd period - Rylan Schwartz wins face-off versus Devin Shore in neutral zone.
10:02 of 2nd period - Jerome Leduc is hit by Alexandre Bolduc and loses puck.
10:09 of 2nd period - Marek Hrivik is hit by David Wolf.
10:13 of 2nd period - Marek Hrivik is hit by David Wolf and loses puck.
10:44 of 2nd period - Mark Fistric is hit by Chris Summers and loses puck.
11:04 of 2nd period - Slapshot by Colin Smith.
11:04 of 2nd period - Shot Blocked by Jani Hakanpaa.
11:06 of 2nd period - Wrist shot by Colin Smith.
11:06 of 2nd period - Shot Misses the Net.
11:08 of 2nd period - Slapshot by Maxime Fortunus.
11:08 of 2nd period - Deflect By Jon Landry.
11:08 of 2nd period - Stopped by Jordan Binnington with a rebound.
11:10 of 2nd period - Slapshot by Maxime Fortunus.
11:10 of 2nd period - Stopped by Jordan Binnington with a rebound.
11:12 of 2nd period - Slapshot by Colin Smith.
11:12 of 2nd period - Stopped by Jordan Binnington with a rebound.
11:44 of 2nd period - Danny Hobbs is hit by Maxime Fortunus and loses puck.
12:18 of 2nd period - Dominik Uher is hit by Steve Eminger.
12:24 of 2nd period - Steve Eminger is hit by Brendan Mikkelson and loses puck.
13:11 of 2nd period - Slapshot by Jyrki Jokipakka.
13:11 of 2nd period - Shot Misses the Net.
13:17 of 2nd period - Jyrki Jokipakka is hit by Mike Moore and loses puck.
13:34 of 2nd period - Wrist shot by Anthony Camara.
13:34 of 2nd period - Shot Misses the Net.
14:03 of 2nd period - Slapshot by Jon Landry.
14:03 of 2nd period - Deflect By Cam Janssen.
14:03 of 2nd period - Stopped by David Leggio without a rebound.
14:04 of 2nd period - Rylan Schwartz wins face-off versus Henri Ikonen in Barracuda zone.
14:28 of 2nd period - JC Lipon is hit by Henri Ikonen and loses puck.
14:54 of 2nd period - Snap shot by Eric Selleck.
14:54 of 2nd period - Deflect By Chris Summers.
14:54 of 2nd period - Stopped by Jordan Binnington without a rebound.
14:55 of 2nd period - Mark Van Guilder wins face-off versus Rylan Schwartz in Wild zone.
15:14 of 2nd period - Snap shot by Anthony Camara.
15:14 of 2nd period - Shot Misses the Net.
15:38 of 2nd period - Chris Summers is hit by Eric Selleck and loses puck.
17:30 of 2nd period - Christian Folin is hit by Devin Shore and loses puck.
17:41 of 2nd period - Brendan Mikkelson is hit by Devin Shore and loses puck.
17:58 of 2nd period - Snap shot by Mike Moore.
17:58 of 2nd period - Shot Misses the Net.
18:14 of 2nd period - Wrist shot by Francis Wathier.
18:14 of 2nd period - Shot Blocked by Christian Folin.
18:16 of 2nd period - Snap shot by Francis Wathier.
18:16 of 2nd period - Shot Blocked by Colin Smith.
18:18 of 2nd period - Wrist shot by Francis Wathier.
18:18 of 2nd period - Shot Misses the Net.
18:20 of 2nd period - Wrist shot by Francis Wathier.
18:20 of 2nd period - Stopped by David Leggio with a rebound.
18:22 of 2nd period - Wrist shot by Francis Wathier.
18:22 of 2nd period - Stopped by David Leggio with a rebound.
18:28 of 2nd period - Minor Penalty to Christian Folin for Slashing.
18:29 of 2nd period - Dan Catenacci wins face-off versus Alexandre Bolduc in Barracuda zone.
18:46 of 2nd period - Snap shot by Michael Keranen.
18:46 of 2nd period - Shot Blocked by Mark McNeill.
19:00 of 2nd period - Mark McNeill is hit by David Wolf and loses puck.
19:27 of 2nd period - Taylor Chorney is hit by Francis Wathier and loses puck.
Goals for this period are 0 for Barracuda vs 1 for Wild.
Shots for this period are 5 for Barracuda vs 6 for Wild.

3rd period


0:01 of 3rd period - Dominik Uher wins face-off versus Mark Van Guilder in neutral zone.
0:04 of 3rd period - David Wolf is hit by Mark McNeill and loses puck.
0:15 of 3rd period - Snap shot by Micheal Haley.
0:15 of 3rd period - Deflect By Mark Van Guilder.
0:15 of 3rd period - Shot Misses the Net.
0:15 of 3rd period - Puck is out of play.
0:16 of 3rd period - Dominik Uher wins face-off versus Mark Van Guilder in Barracuda zone.
0:28 of 3rd period - Penalty to Christian Folin is over, Christian Folin is back on ice.
1:23 of 3rd period - Marek Hrivik beats up Jon Landry.
1:23 of 3rd period - Penalty to Jon Landry for Fighting.
1:23 of 3rd period - Penalty to Marek Hrivik for Fighting.
1:24 of 3rd period - Alexandre Bolduc wins face-off versus David Wolf in Wild zone.
1:45 of 3rd period - Snap shot by Alexandre Bolduc.
1:45 of 3rd period - Deflect By Mark McNeill.
1:45 of 3rd period - Stopped by Jordan Binnington with a rebound.
2:12 of 3rd period - Wrist shot by Colin Smith.
2:12 of 3rd period - Shot Blocked by Mike Moore.
2:14 of 3rd period - Slapshot by Christian Folin.
2:14 of 3rd period - Shot Blocked by Mike Moore.
3:06 of 3rd period - Brendan Mikkelson is hit by Dan Catenacci and loses puck.
3:15 of 3rd period - Chris Summers is hit by JC Lipon and loses puck.
3:33 of 3rd period - Danny Hobbs is hit by Brendan Mikkelson and loses puck.
4:13 of 3rd period - Wrist shot by Francis Wathier.
4:13 of 3rd period - Stopped by David Leggio without a rebound.
4:14 of 3rd period - Henri Ikonen wins face-off versus Vincent Lecavalier in Barracuda zone.
4:20 of 3rd period - Icing by Mark McNeill.
4:21 of 3rd period - Mark McNeill wins face-off versus Henri Ikonen in Barracuda zone.
4:36 of 3rd period - Steve Eminger is hit by Alexandre Bolduc.
4:53 of 3rd period - Maxime Fortunus is hit by Cam Janssen.
4:59 of 3rd period - Steve Eminger is hit by Maxime Fortunus.
5:05 of 3rd period - Minor Penalty to Eric Selleck for Hooking.
5:06 of 3rd period - Dominik Uher wins face-off versus Mark Van Guilder in Barracuda zone.
5:23 of 3rd period - Snap shot by Mark McNeill.
5:23 of 3rd period - Shot Blocked by Mike Moore.
6:07 of 3rd period - Christian Folin is hit by Jani Hakanpaa and loses puck.
6:12 of 3rd period - Backhand shot by Michael Keranen.
6:12 of 3rd period - Shot Blocked by Brendan Mikkelson.
6:23 of 3rd period - Penalty to Marek Hrivik is over, Marek Hrivik is back on ice.
6:38 of 3rd period - Snap shot by David Wolf.
6:38 of 3rd period - Stopped by David Leggio with a rebound.
6:40 of 3rd period - Slapshot by Steve Eminger.
6:40 of 3rd period - Stopped by David Leggio with a rebound.
7:05 of 3rd period - Penalty to Eric Selleck is over, Eric Selleck is back on ice.
7:05 of 3rd period - Slapshot by Colin Smith.
7:05 of 3rd period - Stopped by Jordan Binnington without a rebound.
7:06 of 3rd period - Alexandre Bolduc wins face-off versus Dan Catenacci in Wild zone.
7:11 of 3rd period - Slapshot by Marek Hrivik.
7:11 of 3rd period - Stopped by Jordan Binnington without a rebound.
7:12 of 3rd period - Mark Van Guilder wins face-off versus Alexandre Bolduc in Wild zone.
7:33 of 3rd period - Wrist shot by Danny Hobbs.
7:33 of 3rd period - Stopped by David Leggio with a rebound.
7:35 of 3rd period - Slapshot by Steve Eminger.
7:35 of 3rd period - Shot Misses the Net.
7:37 of 3rd period - Wrist shot by Mark Van Guilder.
7:37 of 3rd period - Shot Misses the Net.
8:02 of 3rd period - Wrist shot by Alexandre Bolduc.
8:02 of 3rd period - Stopped by Jordan Binnington without a rebound.
8:03 of 3rd period - David Wolf wins face-off versus Vincent Lecavalier in Wild zone.
9:05 of 3rd period - Backhand shot by Colin Smith.
9:05 of 3rd period - Stopped by Jordan Binnington with a rebound.
9:07 of 3rd period - Slapshot by Christian Folin.
9:07 of 3rd period - Shot Misses the Net.
9:15 of 3rd period - Snap shot by Colin Smith.
9:15 of 3rd period - Stopped by Jordan Binnington with a rebound.
9:33 of 3rd period - Snap shot by Alexandre Bolduc.
9:33 of 3rd period - Stopped by Jordan Binnington with a rebound.
9:35 of 3rd period - Wrist shot by Marek Hrivik.
9:35 of 3rd period - Shot Misses the Net.
9:37 of 3rd period - Slapshot by Brendan Mikkelson.
9:37 of 3rd period - Deflect By Marek Hrivik.
9:37 of 3rd period - Shot Misses the Net.
9:37 of 3rd period - Puck is out of play.
9:38 of 3rd period - Mark Van Guilder wins face-off versus Alexandre Bolduc in Wild zone.
10:18 of 3rd period - Wrist shot by Mark McNeill.
10:18 of 3rd period - Stopped by Jordan Binnington with a rebound.
10:40 of 3rd period - Minor Penalty to Brendan Mikkelson for Holding.
10:41 of 3rd period - Dominik Uher wins face-off versus Mark Van Guilder in Barracuda zone.
10:52 of 3rd period - Wrist shot by Micheal Haley.
10:52 of 3rd period - Stopped by David Leggio with a rebound.
10:54 of 3rd period - Slapshot by Steve Eminger.
10:54 of 3rd period - Stopped by David Leggio with a rebound.
10:56 of 3rd period - Slapshot by Mike Moore.
10:56 of 3rd period - Stopped by David Leggio with a rebound.
10:58 of 3rd period - Snap shot by Mike Moore.
10:58 of 3rd period - Shot Blocked by Dominik Uher.
11:00 of 3rd period - Slapshot by Steve Eminger.
11:00 of 3rd period - Shot Blocked by Dominik Uher.
11:02 of 3rd period - Slapshot by David Wolf.
11:02 of 3rd period - Stopped by David Leggio with a rebound.
11:39 of 3rd period - Micheal Haley is hit by Rylan Schwartz and loses puck.
12:04 of 3rd period - Alexandre Bolduc is hit by Francis Wathier and loses puck.
12:40 of 3rd period - Penalty to Brendan Mikkelson is over, Brendan Mikkelson is back on ice.
12:43 of 3rd period - Snap shot by David Wolf.
12:43 of 3rd period - Stopped by David Leggio with a rebound.
13:25 of 3rd period - Wrist shot by Micheal Haley.
13:25 of 3rd period - Shot Misses the Net.
13:27 of 3rd period - Snap shot by Colin Stuart.
13:27 of 3rd period - Shot Misses the Net.
13:29 of 3rd period - Slapshot by Colin Stuart.
13:29 of 3rd period - Shot Misses the Net.
13:31 of 3rd period - Snap shot by Jerome Leduc.
13:31 of 3rd period - Shot Misses the Net.
13:33 of 3rd period - Slapshot by Colin Stuart.
13:33 of 3rd period - Stopped by David Leggio with a rebound.
13:35 of 3rd period - Wrist shot by Micheal Haley.
13:35 of 3rd period - Stopped by David Leggio with a rebound.
14:13 of 3rd period - Snap shot by Dan Catenacci.
14:13 of 3rd period - Shot Misses the Net.
14:57 of 3rd period - David Wolf is hit by Rylan Schwartz and loses puck.
15:22 of 3rd period - Wrist shot by Marek Hrivik.
15:22 of 3rd period - Stopped by Jordan Binnington with a rebound.
15:24 of 3rd period - Snap shot by Marek Hrivik.
15:24 of 3rd period - Stopped by Jordan Binnington with a rebound.
15:53 of 3rd period - Slapshot by Vincent Lecavalier.
15:53 of 3rd period - Stopped by Jordan Binnington with a rebound.
15:55 of 3rd period - Wrist shot by Alexandre Bolduc.
15:55 of 3rd period - Shot Blocked by Micheal Haley.
16:11 of 3rd period - Mike Moore is hit by Colin Smith and loses puck.
16:24 of 3rd period - Wrist shot by Mark Van Guilder.
16:24 of 3rd period - Stopped by David Leggio with a rebound.
16:42 of 3rd period - Maxime Fortunus is hit by Michael Keranen.
17:58 of 3rd period - Slapshot by Marek Hrivik.
17:58 of 3rd period - Deflect By JC Lipon.
17:58 of 3rd period - Stopped by Jordan Binnington with a rebound.
18:36 of 3rd period - Jerome Leduc is hit by Eric Selleck.
18:45 of 3rd period - Off-side.
18:46 of 3rd period - Vincent Lecavalier wins face-off versus Henri Ikonen in neutral zone.
18:49 of 3rd period - Henri Ikonen is hit by Vincent Lecavalier and loses puck.
19:26 of 3rd period - Snap shot by Dominik Uher.
19:26 of 3rd period - Shot Misses the Net.
19:42 of 3rd period - Slapshot by Christian Folin.
19:42 of 3rd period - Shot Blocked by Mike Moore.
19:52 of 3rd period - David Van Der Gulik is hit by Micheal Haley and loses puck.
Goals for this period are 0 for Barracuda vs 0 for Wild.
Shots for this period are 12 for Barracuda vs 12 for Wild.

Overtime #1


0:01 of 1st overtime period - Rylan Schwartz wins face-off versus Mark Van Guilder in neutral zone.
0:08 of 1st overtime period - Wrist shot by Mark McNeill.
0:08 of 1st overtime period - Shot Blocked by Steve Eminger.
0:34 of 1st overtime period - Snap shot by Mark Van Guilder.
0:34 of 1st overtime period - Stopped by David Leggio with a rebound.
0:36 of 1st overtime period - Slapshot by Steve Eminger.
0:36 of 1st overtime period - Shot Misses the Net.
0:54 of 1st overtime period - Mark McNeill is hit by Jerome Leduc and loses puck.
1:03 of 1st overtime period - Jon Landry is hit by Rylan Schwartz and loses puck.
1:22 of 1st overtime period - Off-side.
1:23 of 1st overtime period - Rylan Schwartz wins face-off versus Mark Van Guilder in neutral zone.
1:27 of 1st overtime period - Icing by Jon Landry.
1:28 of 1st overtime period - Mark Van Guilder wins face-off versus Rylan Schwartz in Wild zone.
1:41 of 1st overtime period - Slapshot by Maxime Fortunus.
1:41 of 1st overtime period - Deflect By Mark McNeill.
1:41 of 1st overtime period - Stopped by Jordan Binnington with a rebound.
1:43 of 1st overtime period - Slapshot by Maxime Fortunus.
1:43 of 1st overtime period - Stopped by Jordan Binnington without a rebound.
1:44 of 1st overtime period - Mark Van Guilder wins face-off versus Eric Selleck in Wild zone.
1:44 of 1st overtime period - Mark Van Guilder is hit by Mark McNeill.
1:50 of 1st overtime period - Snap shot by Steve Eminger.
1:50 of 1st overtime period - Stopped by David Leggio without a rebound.
1:51 of 1st overtime period - Mark Van Guilder wins face-off versus Eric Selleck in Barracuda zone.
2:18 of 1st overtime period - Slapshot by Rylan Schwartz.
2:18 of 1st overtime period - Stopped by Jordan Binnington with a rebound.
2:42 of 1st overtime period - Slapshot by Christian Folin.
2:42 of 1st overtime period - Shot Blocked by Anthony Camara.
3:49 of 1st overtime period - Dan Catenacci is hit by Eric Selleck and loses puck.
4:00 of 1st overtime period - Snap shot by Dan Catenacci.
4:00 of 1st overtime period - Shot Blocked by Taylor Chorney.
4:20 of 1st overtime period - Brendan Mikkelson is hit by Dan Catenacci and loses puck.
4:53 of 1st overtime period - Wrist shot by Christian Folin.
4:53 of 1st overtime period - Stopped by Jordan Binnington with a rebound.
Goals for this period are 0 for Barracuda vs 0 for Wild.
Shots for this period are 4 for Barracuda vs 2 for Wild.

ShootOut


5:00 of 1st overtime period - Penalty Shot by Eric Selleck for Barracuda.
5:00 of 1st overtime period - Backhand shot by Eric Selleck.
5:00 of 1st overtime period - Stopped by Jordan Binnington.
5:00 of 1st overtime period - Penalty Shot by Mark Van Guilder for Wild.
5:00 of 1st overtime period - Deke by Mark Van Guilder.
5:00 of 1st overtime period - Stopped by David Leggio.
5:00 of 1st overtime period - Penalty Shot by Mark McNeill for Barracuda.
5:00 of 1st overtime period - Backhand shot by Mark McNeill.
5:00 of 1st overtime period - Shot Misses the Net.
5:00 of 1st overtime period - Penalty Shot by David Wolf for Wild.
5:00 of 1st overtime period - Wrist shot by David Wolf.
5:00 of 1st overtime period - Goal by David Wolf.
5:00 of 1st overtime period - Penalty Shot by Alexandre Bolduc for Barracuda.
5:00 of 1st overtime period - Deke by Alexandre Bolduc.
5:00 of 1st overtime period - Shot Misses the Net.